 Dungeon Crawl Stone Soup version 0.30.1-11-g7821555f0a (webtiles) character file.

Game seed: 14538877406319131965

601980 Peloso the Minotaur Barricade (level 25, -5/249 (257) HPs)
             Began as a Minotaur Fighter on Jan 3, 2024.
             Was the Champion of Okawaru.
             Slain by a demonspawn corrupter
             ... wielding a +0 dire flail
              (12 damage)
             ... in Pandemonium on Jan 4, 2024.
             The game lasted 04:05:33 (66101 turns).

Peloso the Minotaur Barricade (Minotaur Fighter)   Turns: 66101, Time: 04:05:34

HP:   -5/249 (257)  AC: 45    Str: 24    XL:     25   Next: 99%
MP:   18/26         EV: 16    Int: 17    God:    Okawaru [******]
Gold: 8554          SH: 28    Dex: 22    Spells: 24/24 levels left

rFire   + + +        a - +7 double sword of Haunted Expedience {heavy, rF+ Str+3 Stlth+}
rCold   + . .        d - +1 tower shield {AC+3}
rNeg    . . .        Y - +8 orange crystal plate armour {Archmagi, Int+3 Clar}
rPois   +            V - +1 hat "Pimib" {rPois Str-4 Int+9 SInv}
rElec   +            y - scarf {rC+ rF+}
rCorr   +            i - +0 pair of gloves of the Shining Light {rElec Will++}
SInv    +            I - +2 pair of slick slippers {slick, slippery, EV+4}
Will    +++..        B - amulet of regeneration Stlth
                     F - ring of resist corrosion
HPRegen 1.41/turn    k - +6 ring of dexterity
MPRegen 0.20/turn

%: clarity, archmagi
@: mighty, corroded, studying 2 skills, lightly drained
A: horns 2, retaliatory headbutt, hooves 1, iridescent scales 1, clumsy 1,
deterioration 1, fire resistance 1, low MP 1, wild magic 1
}: 4/15 runes: decaying, serpentine, slimy, silver
a: Renounce Religion, Heroism, Finesse, Duel


You were in Pandemonium.
You worshipped Okawaru.
Okawaru was exalted by your worship.
You visited 13 branches of the dungeon, and saw 53 of its levels.
You visited Pandemonium 1 time, and saw 1 of its levels.
You visited the Abyss 1 time.
You visited 2 bazaars.
You also visited: Bailey, Gauntlet, Ice Cave, Volcano and Wizlab.

You collected 9605 gold pieces.
You spent 1051 gold pieces at shops.

Inventory:

Hand Weapons
 a - the +7 double sword of Haunted Expedience (weapon) {heavy, rF+ Str+3 Stlth+}
   (Okawaru gifted it to you on level 1 of the Swamp)

   Str:       It affects your strength (+3).
   rF:        It protects you from fire.
   Stlth:     It makes you more stealthy.
 b - a +7 double sword of flaming
 c - a +2 heavy double sword
Armour
 d - a +1 tower shield of protection (worn)
 i - the +0 pair of gloves of the Shining Light (worn) {rElec Will++}
   (Okawaru gifted it to you on level 4 of the Snake Pit)

   rElec:     It insulates you from electricity.
   Will:      It greatly increases your willpower.
 y - a scarf of resistance (worn)
 I - the +2 pair of slick slippers (worn) {slick, slippery, EV+4}
   (You found it in a volcano)

   Slick:     Its wearer cannot be constricted, engulfed, netted or webbed.
   Slippery:  Its wearer slips away from damaging melee attacks, pulling the
   attacker onward.
   EV:        It affects your evasion (+4).
 V - the +1 hat "Pimib" (worn) {rPois Str-4 Int+9 SInv}
   (Okawaru gifted it to you on level 1 of the Depths)

   Str:       It affects your strength (-4).
   Int:       It affects your intelligence (+9).
   rPois:     It protects you from poison.
   SInv:      It lets you see invisible.
 Y - the +8 orange crystal plate armour (worn) {Archmagi, Int+3 Clar}
   (Okawaru gifted it to you on level 2 of the Snake Pit)

   Int:       It affects your intelligence (+3).
   Clar:      It protects you from confusion, rage, mesmerisation and fear.
Jewellery
 e - an amulet of magic regeneration
 j - a ring of flight
 k - a +6 ring of dexterity (right hand)
 B - an amulet of regeneration (around neck)
 F - a ring of resist corrosion (left hand)
 H - an amulet of reflection
Scrolls
 f - 18 scrolls of teleportation
 g - 8 scrolls of blinking
 h - 48 scrolls of identify
 m - 12 scrolls of fog
 r - 12 scrolls of immolation
 A - 9 scrolls of poison
 J - 12 scrolls of fear
 N - 8 scrolls of magic mapping
Potions
 l - 35 potions of curing
 p - 6 potions of invisibility
 q - 8 potions of mutation
 u - 5 potions of heal wounds
 z - 8 potions of resistance
 E - 4 potions of berserk rage
 L - 10 potions of haste
 O - 15 potions of might


   Skills:
 O Level 27 Fighting
 O Level 27 Long Blades
 O Level 27 Armour
 + Level 7.9 Dodging
 + Level 2.6 Stealth
 O Level 27 Shields
 + Level 10.0 Invocations
 + Level 2.7 Evocations


You had 24 spell levels left.
You didn't know any spells.
Your spell library contained the following spells:

 Spells                   Type           Power      Damage    Failure   Level
 Apportation              Tloc           0%         N/A       91%         1
 Foxfire                  Conj/Fire      0%         2x1d4     91%         1
 Freeze                   Ice            0%         1d3       91%         1
 Magic Dart               Conj           0%         1d3       91%         1
 Necrotise                Necr           0%         1d4       91%         1
 Sandblast                Erth           0%         2d4       91%         1
 Shock                    Conj/Air       0%         1d3       91%         1
 Slow                     Hex            0%         N/A       91%         1
 Sting                    Tmut/Pois      0%         1d3       91%         1
 Blink                    Tloc           0%         N/A       97%         2
 Cigotuvi's Dreadful Rot  Necr/Pois/Air  0%         N/A       97%         2
 Ensorcelled Hibernation  Hex/Ice        0%         N/A       97%         2
 Lesser Beckoning         Tloc           0%         N/A       97%         2
 Momentum Strike          Conj/Tloc      0%         3d8       97%         2
 Passwall                 Tmut/Erth      0%         N/A       97%         2
 Poisonous Vapours        Pois/Air       0%         N/A       97%         2
 Confusing Touch          Hex            0%         N/A       99%         3
 Dazzling Flash           Conj/Hex       0%         N/A       99%         3
 Frozen Ramparts          Ice            0%         1d1       99%         3
 Hailstorm                Conj/Ice       0%         3d3       99%         3
 Ignite Poison            Fire/Tmut/Pois 0%         N/A       99%         3
 Inner Flame              Hex/Fire       0%         N/A       99%         3
 Mephitic Cloud           Conj/Pois/Air  0%         N/A       99%         3
 Portal Projectile        Hex/Tloc       0%         N/A       99%         3
 Stone Arrow              Conj/Erth      0%         3d7       99%         3
 Swiftness                Air            0%         N/A       99%         3
 Vampiric Draining        Necr           0%         2d6       99%         3
 Vhi's Electric Charge    Tloc/Air       0%         N/A       99%         3
 Airstrike                Air            0%         2d(0-16)  100%        4
 Anguish                  Hex/Necr       0%         N/A       100%        4
 Cause Fear               Hex            0%         N/A       100%        4
 Flame Wave               Conj/Fire      0%         2d4       100%        4
 Ice Form                 Ice/Tmut       0%         N/A       100%        4
 Iskenderun's Mystic Bla  Conj/Tloc      0%         2d3       100%        4
 Leda's Liquefaction      Hex/Erth       0%         N/A       100%        4
 Manifold Assault         Tloc           0%         N/A       100%        4
 Olgreb's Toxic Radiance  Pois           0%         N/A       100%        4
 Sticky Flame             Conj/Fire      0%         2d3       100%        4
 Agony                    Necr           0%         N/A       100%        5
 Alistair's Intoxication  Tmut/Pois      0%         N/A       100%        5
 Arcjolt                  Conj/Air       0%         1d10      100%        5
 Fireball                 Conj/Fire      0%         3d3       100%        5
 Freezing Cloud           Conj/Ice/Air   0%         6-21      100%        5
 Iskenderun's Battlesphe  Conj           0%         2d6       100%        5
 Lee's Rapid Deconstruct  Erth           0%         3d4*      100%        5
 Silence                  Hex/Air        0%         N/A       100%        5
 Yara's Violent Unravell  Hex/Tmut       0%         3d3       100%        5
 Conjure Ball Lightning   Conj/Air       0%         3x3d6     100%        6
 Dispersal                Tloc           0%         N/A       100%        6
 Eringya's Noxious Bog    Tmut/Pois      0%         N/A       100%        6
 Plasma Beam              Fire/Air       0%         2x1d11    100%        6
 Starburst                Conj/Fire      0%         6d3       100%        6
 Statue Form              Tmut/Erth      0%         N/A       100%        6
 Dragon Form              Tmut           0%         N/A       100%        7
 Enfeeble                 Hex            0%         N/A       100%        7
 Orb of Destruction       Conj           0%         9d5       100%        7
 Ozocubu's Refrigeration  Ice            0%         4d7       100%        7
 Disjunction              Tloc           0%         N/A       100%        8
 Ignition                 Fire           0%         3d3       100%        8
 Lehudib's Crystal Spear  Conj/Erth      0%         10d2      100%        8
 Polar Vortex             Ice            0%         N/A       100%        9
 Summon Small Mammal      Summ           Unusable   N/A       N/A         1
 Call Imp                 Summ           Unusable   N/A       N/A         2
 Call Canine Familiar     Summ           Unusable   N/A       N/A         3
 Animate Armour           Summ/Erth      Unusable   N/A       N/A         4
 Summon Ice Beast         Ice/Summ       Unusable   N/A       N/A         4
 Summon Forest            Summ/Tloc      Unusable   N/A       N/A         5
 Simulacrum               Ice/Necr       Unusable   N/A       N/A         6
 Summon Hydra             Summ           Unusable   N/A       N/A         7
 Dragon's Call            Summ           Unusable   N/A       N/A         9

Dungeon Overview and Level Annotations

Branches:
Dungeon (15/15)            Temple (1/1) D:7            Lair (5/5) D:11
  Swamp (4/4) Lair:3        Snake (4/4) Lair:2        Slime (5/5) Lair:5
    Orc (2/2) D:12            Elf (3/3) Orc:2        Vaults (5/5) D:14
  Crypt (3/3) Vaults:2       Tomb (0/3) Crypt:3      Depths (4/4) D:15
   Hell (visited)             Zot (1/5) Depths:4     Bailey (visited)
  IceCv (visited)         Volcano (visited)          WizLab (visited)
Gauntlet (visited)
    Dis: Hell:1         Geh: Hell:1         Coc: Hell:1         Tar: Hell:1

Altars:
Ashenzari
Cheibriados
Dithmenos
Elyvilon
Fedhas
Gozag
Hepliaklqana
Kikubaaqudgha
Makhleb
Nemelex Xobeh
Okawaru
Qazlal
Ru
Sif Muna
Trog
Uskayaw
Vehumet
Wu Jian
Xom
Yredelemnul
Zin
The Shining One
Jiyva

Shops:
D:3 [   D:9 *   Orc:2 ?:*   Elf:3 !   Vaults:1 (   Depths:2 *[*   Depths:4 *

Portals:
Hell: Depths:1 Depths:2 Depths:3 Depths:4
Abyss: Orc:2 Depths:3
Pandemonium: Depths:2
Ziggurat: Depths:3

Annotations:
Lair:4 Casa
Hell Geryon


Innate Abilities, Weirdness & Mutations

You have a pair of horns on your head.
You reflexively headbutt those who attack you in melee.
You have large cloven feet.
You are partially covered in iridescent scales. (AC +2)
You are clumsy. (Dex -2)
Your body sometimes deteriorates upon taking damage.
Your flesh is heat resistant. (rF+)
Your magical capacity is low. (-10% MP)
Your spells are a little harder to cast, but a little more powerful.


Message History

You closely miss the demonspawn black sun.
You headbutt the demonspawn black sun.
The demonspawn black sun is lightly wounded.
The vault sentinel disappears in a puff of smoke!
The war gargoyle disappears in a puff of smoke!
The demonspawn corrupter completely misses you.
You furiously retaliate!
You headbutt the demonspawn corrupter!
You block the demonspawn corrupter's attack.
You block the orange demon's attack.
The demonspawn black sun hits you with a +0 great sword!!
* * * LOW HITPOINT WARNING * * *
You feel drained. The sun demon hits you.
* * * LOW HITPOINT WARNING * * *
You are engulfed in flames.
You resist.
* * * LOW HITPOINT WARNING * * *
You feel your power leaking away. You block the orange demon's attack.
The chaos spawn gores you but does no damage.
The demonspawn black sun hits you but does no damage.
The demonspawn corrupter hits you but does no damage.
You block the demonspawn corrupter's attack.
Unknown command.
You cut the demonspawn black sun into ribbons!!!
You headbutt the demonspawn black sun, but do no damage.
The demonspawn black sun is heavily wounded.
You block the sun demon's attack.
The demonspawn corrupter hits you but does no damage.
You block the demonspawn corrupter's attack.
A shadow demon comes into view.
You block the chaos spawn's attack.
The orange demon stings you but does no damage.
The demonspawn black sun hits you but does no damage.
You open the demonspawn black sun like a pillowcase!!!
Your headbutt misses the demonspawn black sun.
The demonspawn black sun is almost dead.
You block the demonspawn blood saint's attack.
You block the demonspawn black sun's attack.
You block the orange demon's attack.
The demonspawn corrupter hits you with a +0 dire flail!
You die...

.....#.....'.....# ..#
..####....3#.....# ..#
..#........#.....#...#
###........#.....#...#
.........#.....'...#
.....)...#...)2#
.........#..232#
........#..466#
..2..46@# ..#..X64#
#...§4# #.....+
#.....# #.....#
#.....# #######


You could see a demonspawn blood saint (summoned, black mark), a demonspawn
corrupter (black mark), 2 demonspawn black suns, a hell beast (summoned, black
mark), a blizzard demon (summoned, black mark), a sun demon (black mark), 2
shadow demons, an orange demon (black mark), a large abomination (black mark), a
rust devil (summoned, black mark) and 2 chaos spawn.

Vanquished Creatures
  Dissolution (Slime:5)
  the Royal Jelly (Slime:5)
  A dread lich (Crypt:3)
  5 ancient liches
  An orb of fire (Zot:1)
  Mennas (Vaults:3)
  A juggernaut (Depths:3)
  Sojobo (Crypt:2)
  Saint Roka (Depths:4)
  Margery (Vaults:1)
  A curse toe (Crypt:3)
  Frederick (Vaults:3)
  8 caustic shrikes
  5 golden dragons
  2 bone dragons
  A Tzitzimitl (Pan)
  A pandemonium lord (Pan)
  Jorgrun (Snake:2)
  4 hellephants (Depths:1)
  10 tentacled monstrosities
  2 liches
  Mlioglotl (Swamp:3)
  A Hell Sentinel (Pan)
  3 deep elf blademasters (Elf:3)
  5 titans (Vaults:5)
  2 deep elf master archers (Elf:3)
  4 quicksilver dragons
  16 acid blobs
  2 death cobs (Zot:1)
  7 ancient champions
  Gastronok (Lair:1)
  Kirke (Snake:1)
  9 sphinxes
  Agnes (Snake:2)
  4 revenants
  7 tengu reavers
  7 shadow dragons
  3 fenstrider witches
  3 storm dragons
  4 rockslimes
  6 nagarajas
  2 draconian monks
  2 iron dragons
  10 azure jellies
  11 frost giants
  The ghost of Anaz the Fencer, a journeyman DgAE (Swamp:3)
  6 fire giants
  4 deep elf elementalists (Elf:3)
  4 curse skulls
  18 vault wardens
  5 deep elf sorcerers
  Louise (Snake:2)
  2 spriggan defenders (Depths:4)
  A draconian shifter (Zot:1)
  A draconian stormcaller (Zot:1)
  10 ironbound preservers
  13 ghouls
  14 stone giants
  5 orc warlords
  27 very ugly things
  A cacodemon (Pan)
  2 reapers
  8 war gargoyles
  A demonspawn corrupter (Pan)
  A caustic shrike skeleton (D:15)
  A draconian annihilator (Depths:4)
  13 quicksilver oozes (Slime:5)
  7 vampire knights
  7 ironbound thunderhulks
  4 deep elf demonologists
  A green draconian (Zot:1)
  Azrael (Snake:2)
  11 dire elephants
  The ghost of MatrixGlitch the Destroyer, a journeyman DrCj of Vehumet (Orc:2)
  A bunyip (shapeshifter) (Vaults:5)
  7 bunyips
  3 black draconians
  A white draconian (Depths:4)
  4 purple draconians
  4 eleionomae
  6 spark wasps (Depths:3)
  4 red draconians
  7 deep elf annihilators
  2 lorocyprocas
  2 yellow draconians (Zot:1)
  4 eidola
  A minotaur (Gauntlet)
  Snorg (Lair:3)
  The ghost of TangoThomas the Fighter, a journeyman DsMo of Ashenzari (D:12)
  6 ettins
  2 jiangshi (Depths:2)
  A merfolk impaler (D:12)
  7 fire dragons
  7 deep elf death magi
  2 mummy priests (Crypt:2)
  13 crystal guardians
  10 deep elf high priests
  15 yaktaur captains
  2 entropy weavers
  8 great orbs of eyes
  8 hydras
  2 spriggan zombies
  A juggernaut simulacrum (Crypt:1)
  7 peacekeepers
  A quicksilver dragon skeleton (Crypt:1)
  6 ice dragons
  An ogre mage (D:15)
  2 rakshasas
  31 vault guards
  5 spriggan air magi
  A bennu zombie (Crypt:1)
  4 ghost crabs
  2 catoblepae
  7 alligators
  8 anacondas
  7 ironbound frosthearts
  7 centaur warriors
  3 boulder beetles
  21 dancing weapons
  3 deep troll shamans
  3 death knights (Crypt:1)
  18 naga warriors
  6 deep troll earth magi
  7 tengu warriors
  8 vampire magi
  13 death yaks
  6 hell hogs (Depths:1)
  7 two-headed ogres
  An Orb Guardian skeleton (Crypt:1)
  5 shock serpents
  Urug (D:10)
  A sun demon (Depths:4)
  A thrashing horror (Orc:2)
  3 orc high priests (Orc:2)
  Sonja (D:12)
  13 naga sharpshooters
  A shock serpent (shapeshifter) (Depths:2)
  5 soul eaters
  6 spriggan berserkers
  2 skysharks (Lair:5)
  14 hell knights
  3 salamander mystics
  25 deep elf knights
  A fire crab (Gauntlet)
  3 sixfirhies
  7 sea snakes (Snake:4)
  The ghost of Anaz the Carver, a novice DgAE (D:7)
  26 skeletal warriors
  2 death drakes
  9 iron trolls
  4 goliath frogs
  4 shadow wraiths
  6 flayed ghosts
  5 naga ritualists
  2 storm dragon skeletons
  2 shadow demons (Pan)
  33 deep trolls
  5 spriggan druids
  3 glowing orange brains
  Lodul (D:12)
  An orange crystal statue (Depths:2)
  16 deep elf archers
  A swamp dragon (Swamp:3)
  A shadow dragon zombie (Crypt:2)
  11 orc knights
  4 spectral hydras (Swamp:4)
  3 wizards
  3 lindwurms
  12 ironbound convokers
  8 bog bodies
  12 phantasmal warriors
  40 deep elf pyromancers
  8 mana vipers
  8 necromancers
  8 salamanders
  A manticore (shapeshifter) (Vaults:5)
  4 harpies (Vaults:1)
  5 cyclopes
  A frost giant zombie (D:15)
  6 orc sorcerers
  A wolf spider (D:11)
  21 deep elf zephyrmancers
  A stone giant zombie (D:15)
  14 ugly things
  3 shining eyes
  A jorogumo skeleton (Crypt:3)
  A manticore (D:15)
  6 will-o-the-wisps
  37 black mambas
  A centaur zombie (Crypt:1)
  7 moths of wrath
  A worldbinder (Orc:2)
  6 elephants (Lair:4)
  11 guardian serpents
  15 naga magi
  4 rust devils
  2 ice statues (IceCv)
  16 vault sentinels
  Joseph (Lair:1)
  A smoke demon (Pan)
  The ghost of bimbombam the Basher, a novice MiFi (D:6)
  2 orange demons
  16 cane toads
  2 eyes of devastation
  An unseen horror zombie (Crypt:1)
  3 gargoyles
  An elephant slug zombie (Crypt:2)
  A cane toad (shapeshifter) (Elf:1)
  A rime drake (Lair:3)
  A centaur skeleton (Crypt:1)
  44 yaktaurs
  A tormentor (Depths:2)
  9 freezing wraiths
  A minotaur skeleton (Crypt:2)
  9 ice devils
  A death yak skeleton (Crypt:2)
  8 komodo dragons
  4 tengu conjurers
  4 swamp worm zombies (Swamp:4)
  2 guardian mummies
  A harpy zombie (Crypt:2)
  4 hydra zombies (Swamp:4)
  An anaconda simulacrum (IceCv)
  A meliai (shapeshifter) (Vaults:5)
  A queen bee (shapeshifter) (Vaults:4)
  2 mana viper zombies
  A grey draconian skeleton (Crypt:1)
  8 trolls
  21 blink frogs
  A moth of wrath zombie (Crypt:1)
  7 tyrant leeches
  2 raiju (Orc:2)
  A dream sheep (shapeshifter) (Vaults:1)
  2 tarantellas (shapeshifter) (D:14)
  4 alligator zombies (Swamp:4)
  A spectral swamp dragon (Swamp:4)
  10 hornets
  An ettin zombie (Crypt:2)
  A guardian serpent zombie (Crypt:1)
  87 slime creatures
  A tarantella zombie (Crypt:2)
  3 ynoxinuls (Pan)
  2 ettin skeletons
  13 spriggans
  2 air elementals
  17 flying skulls
  A yak (shapeshifter) (D:15)
  11 wraiths
  5 water elementals
  6 vampires
  3 wyverns
  A shadow (D:11)
  The ghost of Zippel the Changer, an amateur SpTm (D:5)
  44 yaks
  6 basilisks
  9 fire bats
  11 humans
  An elf zombie (Vaults:5)
  12 fire elementals
  A redback (Vaults:2)
  5 golden eyes (Slime:1)
  6 hogs (Snake:1)
  22 vampire mosquitoes
  2 chaos spawn
  A neqoxec (Pan)
  A death yak simulacrum (Lair:3)
  49 nagas
  3 steam dragons
  A swamp worm (shapeshifter) (Vaults:1)
  14 swamp worms
  3 wargs
  A two-headed ogre zombie (WizLab)
  A hydra simulacrum (IceCv)
  A floating eye (shapeshifter) (Vaults:1)
  12 water moccasins
  A naga zombie (Crypt:2)
  An acid dragon (D:8)
  2 swamp drakes
  8 hell hounds
  An elephant zombie (Crypt:1)
  26 orc warriors
  A sky beast (shapeshifter) (Vaults:1)
  2 swamp dragon zombies (Swamp:4)
  2 human zombies
  2 sky beasts
  4 black bears
  A manticore zombie (Crypt:3)
  An ice beast (D:5)
  16 ogres
  14 wolves
  17 centaurs
  7 boggarts
  6 phantoms
  A fire crab zombie (Crypt:3)
  4 kobold brigands
  A cyclops zombie (Crypt:2)
  A komodo dragon skeleton (Crypt:3)
  4 earth elementals
  14 bullfrogs
  6 gnoll sergeants
  A scorpion (shapeshifter) (Elf:1)
  A yaktaur skeleton (Crypt:3)
  6 necrophages
  A human skeleton (Vaults:5)
  2 scorpions (D:5)
  3 cane toad simulacra (IceCv)
  2 two-headed ogre simulacra (IceCv)
  A salamander skeleton (Crypt:2)
  16 wights
  8 troll zombies (WizLab)
  5 elephant simulacra
  18 killer bees
  3 electric eels
  4 howler monkeys
  A black bear zombie (Crypt:1)
  2 hounds
  6 jellies
  23 orc priests
  2 bullfrog skeletons
  Crazy Yiuf (D:6)
  2 gnoll boudas
  A sleepcap (D:6)
  Jessica (D:3)
  7 iguanas
  20 orc wizards
  12 hell rats
  A polar bear simulacrum (IceCv)
  A troll simulacrum (IceCv)
  A spriggan simulacrum (IceCv)
  A wolf simulacrum (Lair:3)
  8 ogre zombies (WizLab)
  A naga skeleton (Crypt:3)
  Robin (D:3)
  21 gnolls
  2 naga simulacra (IceCv)
  7 adders
  4 swamp drake zombies
  8 white imps
  7 ufetubi
  3 worms
  4 dart slugs
  66 orcs
  4 ball pythons
  8 endoplasms
  3 giant cockroaches
  A gnoll zombie (Crypt:1)
  16 goblins
  14 hobgoblins
  4 jackals (D:2)
  4 quokkas
  4 bats
  4 frilled lizards
  A gnoll skeleton (Crypt:2)
  33 kobolds
  A quokka skeleton (Crypt:3)
  2 rats (D:1)
2216 creatures vanquished.

Vanquished Creatures (others)
  An eldritch tentacle (Pan)
  A ghost crab (Swamp:4)
  A shadow wraith (Vaults:4)
  A deep elf knight (Elf:2)
  A phantasmal warrior (Swamp:4)
  2 deep elf pyromancers
  9 bloated husks
  A swamp dragon zombie (Swamp:4)
  A boggart (Vaults:1)
  An orc priest (Orc:2)
  2 orcs (Orc:1)
  24 foxfires
45 creatures vanquished.

Grand Total: 2261 creatures vanquished

Notes
Turn   | Place    | Note
-------+----------+-------------------------------------------
     0 | D:1      | Peloso the Minotaur Fighter began the quest for the Orb.
     0 | D:1      | Reached XP level 1. HP: 19/19 MP: 0/0
   539 | D:1      | Reached XP level 2. HP: 27/27 MP: 1/1
   948 | D:1      | Got Geughila's Lessons on the Rank Wyrd
  1267 | D:2      | Reached XP level 3. HP: 5/33 MP: 2/2
  1847 | D:3      | Noticed Robin
  1858 | D:3      | Reached XP level 4. HP: 35/40 MP: 3/3
  1863 | D:3      | Killed Robin
  1959 | D:3      | Found Jesai's Antique Armour Shoppe.
  2000 | D:3      | Found a hide-covered altar of Uskayaw.
  2201 | D:3      | Noticed Jessica
  2228 | D:3      | Killed Jessica
  2229 | D:3      | Reached XP level 5. HP: 46/47 MP: 4/4
  2444 | D:3      | Reached skill level 1 in Dodging
  2519 | D:3      | Found a faded altar of an unknown god.
  2565 | D:4      | Reached skill level 5 in Long Blades
  2692 | D:4      | Noticed an ogre
  2700 | D:4      | Killed an ogre
  2701 | D:4      | Reached skill level 5 in Armour
  2701 | D:4      | Reached XP level 6. HP: 36/53 MP: 5/5
  3328 | D:4      | Found a snail-covered altar of Cheibriados.
  3499 | D:5      | Entered Level 5 of the Dungeon
  3527 | D:5      | Noticed Zippel's ghost (amateur SpTm)
  3553 | D:5      | You fall into a shaft and drop 1 floor!
  3555 | D:6      | Noticed a wyvern
  3562 | D:6      | Killed a wyvern
  3563 | D:6      | Reached skill level 5 in Fighting
  3563 | D:6      | Reached XP level 7. HP: 56/61 MP: 6/6
  3855 | D:6      | Found a transporter.
  3907 | D:6      | Found a transporter.
  3913 | D:6      | Identified the +1 ring mail of Stained Leaves {Contam rF+++
                  | Dex+4 Stlth+}
  3928 | D:6      | Noticed bimbombam's ghost (novice MiFi)
  4008 | D:6      | Reached skill level 1 in Stealth
  4333 | D:6      | Found a runed translucent door.
  4334 | D:6      | Noticed Crazy Yiuf
  4373 | D:6      | Paralysed by Crazy Yiuf for 2 turns
  4376 | D:6      | Killed Crazy Yiuf
  4718 | D:5      | Found a sacrificial altar of Ru.
  4806 | D:5      | Reached XP level 8. HP: 70/70 MP: 7/7
  5187 | D:5      | Found a transporter.
  5192 | D:5      | Found a transporter.
  5199 | D:5      | Reached skill level 5 in Shields
  5473 | D:5      | Found a burning altar of Makhleb.
  5646 | D:7      | Found a staircase to the Ecumenical Temple.
  5679 | Temple   | Entered the Ecumenical Temple
  6008 | D:7      | Reached XP level 9. HP: 26/78 MP: 8/8
  6226 | D:7      | Found a transporter.
  6231 | D:7      | Found a bloodstained altar of Trog.
  6231 | D:7      | Noticed Anaz's ghost (novice DgAE)
  6242 | D:7      | Found a transporter.
  6253 | D:7      | Noticed a moth of wrath
  6468 | D:7      | Reached skill level 10 in Long Blades
  7311 | D:8      | Found a stormy altar of Qazlal.
  7359 | D:8      | HP: 1/81 [acid dragon/splash of acid (13)]
  8431 | D:9      | Reached XP level 10. HP: 55/83 MP: 9/9
  8532 | D:9      | Found an iron altar of Okawaru.
  8574 | D:9      | Became a worshipper of Warmaster Okawaru
  9132 | D:9      | Reached * piety under Okawaru
  9640 | D:9      | Found Zin's Purification Station.
  9647 | D:9      | Found a glowing silver altar of Zin.
  9736 | D:10     | Entered Level 10 of the Dungeon
  9736 | D:10     | Found a shimmering altar of Xom.
  9736 | D:10     | Found a shimmering altar of Xom.
  9736 | D:10     | Found a shimmering altar of Xom.
  9736 | D:10     | Found a shimmering altar of Xom.
  9737 | D:10     | Found a shimmering altar of Xom.
  9737 | D:10     | Found a shimmering altar of Xom.
  9737 | D:10     | Found a shimmering altar of Xom.
  9738 | D:10     | Found a shimmering altar of Xom.
  9740 | D:10     | Found a shimmering altar of Xom.
  9866 | D:10     | Noticed Urug
  9907 | D:10     | Killed Urug
  9907 | D:10     | Reached ** piety under Okawaru
  9915 | D:10     | Reached skill level 1 in Invocations
  9928 | D:10     | Found a flagged portal.
  9942 | Bailey   | Entered a bailey
 10098 | Bailey   | Noticed an orc warlord
 10263 | Bailey   | Reached skill level 10 in Armour
 10276 | Bailey   | Found a runed translucent gate.
 10276 | Bailey   | Found a runed translucent gate.
 10276 | Bailey   | Found a runed translucent gate.
 10461 | Bailey   | Killed an orc warlord
 10462 | Bailey   | Reached XP level 11. HP: 77/99 MP: 8/10
 10492 | Bailey   | Identified the staff of air "Cimi Ini" {rElec Will+++ Str-5
                  | Dex+3}
 10505 | Bailey   | Acquired a +4 double sword of electrocution
 10574 | D:10     | Found a sparkling altar of Nemelex Xobeh.
 10574 | D:10     | Found a radiant altar of Vehumet.
 10624 | D:10     | Reached *** piety under Okawaru
 10805 | D:10     | Noticed a lindwurm
 10821 | D:10     | a lindwurm changed into a torpor snail
 10832 | D:10     | Noticed a shining eye
 11090 | D:11     | Reached skill level 10 in Fighting
 11167 | D:11     | Noticed a death yak
 11167 | D:11     | Noticed a death yak
 11180 | D:11     | Noticed a death yak
 11184 | D:11     | Killed a death yak
 11184 | D:11     | Noticed a death yak
 11186 | D:11     | Noticed a death yak
 11187 | D:11     | Killed a death yak
 11192 | D:11     | Killed a death yak
 11192 | D:11     | Reached **** piety under Okawaru
 11199 | D:11     | Killed a death yak
 11202 | D:11     | Killed a death yak
 11206 | D:11     | Reached ***** piety under Okawaru
 11358 | D:11     | Found a staircase to the Lair.
 11414 | D:11     | Noticed a white ugly thing
 11422 | D:11     | Killed a white ugly thing
 11539 | D:11     | Reached skill level 5 in Dodging
 11594 | D:11     | Noticed a two-headed ogre
 11599 | D:11     | Killed a two-headed ogre
 11731 | D:11     | Reached XP level 12. HP: 98/110 MP: 12/12
 11835 | D:11     | Reached skill level 15 in Long Blades
 11915 | D:11     | Noticed a boulder beetle
 11916 | D:11     | Identified the +0 leather armour of Xittotue {Stlth+}
 11946 | D:11     | Killed a boulder beetle
 12284 | D:11     | Noticed a boulder beetle
 12290 | D:11     | Killed a boulder beetle
 12487 | D:11     | Noticed a tengu warrior
 12510 | D:11     | Killed a tengu warrior
 12915 | Lair:1   | Entered Level 1 of the Lair of Beasts
 13127 | Lair:1   | Noticed Gastronok
 13174 | Lair:1   | Killed Gastronok
 13174 | Lair:1   | Identified the -2 pair of boots "Vanig" {Rampage Drain rF++
                  | Will- Slay+2} (Okawaru gifted it to you on level 1 of the
                  | Lair of Beasts)
 13174 | Lair:1   | Received a gift from Okawaru
 13394 | Lair:1   | Identified the +3 halberd of Impermanence {venom, Drain
                  | rC+++ Int+3 Stlth+}
 13464 | Lair:1   | Noticed Joseph
 13473 | Lair:1   | Killed Joseph
 13794 | Lair:2   | Reached skill level 10 in Shields
 13979 | Lair:2   | Found a staircase to the Snake Pit.
 13999 | Lair:2   | Reached ****** piety under Okawaru
 14391 | Lair:2   | Reached XP level 13. HP: 119/119 MP: 13/13
 14768 | Lair:3   | Found a dark tunnel.
 14777 | Volcano  | Entered a volcano
 14868 | Volcano  | Identified the +1 battleaxe "Kipemm" {heavy, *Slow Int+2
                  | Dex+2} (Okawaru gifted it to you in a volcano)
 14868 | Volcano  | Received a gift from Okawaru
 14882 | Volcano  | Found the +2 pair of slick slippers {slick, slippery, EV+4}
 14981 | Lair:3   | Found a frozen archway.
 15005 | IceCv    | Entered an ice cave
 15287 | IceCv    | Noticed a reaper
 15300 | IceCv    | Killed a reaper
 15508 | Lair:3   | Found a staircase to the Swamp.
 15522 | Lair:3   | Received a gift from Okawaru
 15617 | Lair:3   | Noticed Snorg
 15634 | Lair:3   | Killed Snorg
 16348 | D:12     | Found a runed translucent gate.
 16349 | D:12     | Found a runed translucent gate.
 16350 | D:12     | Found a runed translucent gate.
 16351 | D:12     | Noticed TangoThomas's ghost (journeyman DsMo)
 16353 | D:12     | Noticed a merfolk impaler
 16355 | D:12     | Found an iron altar of Okawaru.
 16526 | D:12     | Noticed Lodul
 16536 | D:12     | Killed Lodul
 16594 | D:12     | Noticed Sonja
 16601 | D:12     | Killed Sonja
 16610 | D:12     | Found a staircase to the Orcish Mines.
 17025 | Orc:1    | Entered Level 1 of the Orcish Mines
 17036 | Orc:1    | Noticed an orc warlord
 17038 | Orc:1    | Reached XP level 14. HP: 123/132 MP: 14/14
 17066 | Orc:1    | Killed an orc warlord
 17445 | Orc:2    | Entered Level 2 of the Orcish Mines
 17549 | Orc:2    | Found a one-way gate to the infinite horrors of the Abyss.
 17549 | Orc:2    | Noticed MatrixGlitch's ghost (journeyman DrCj)
 17578 | Orc:2    | Found a transporter.
 17583 | Orc:2    | Noticed an orc warlord
 17720 | Orc:2    | Found a transporter.
 17786 | Orc:2    | Found a staircase to the Elven Halls.
 17970 | Orc:2    | Found Jiatoxiu's General Store.
 17980 | Orc:2    | Received a gift from Okawaru
 18241 | Orc:2    | Found Wudiomen's Magic Scroll Shop.
 18246 | Orc:2    | Found Ampownua's General Store.
 18254 | Orc:2    | Found Viaw's Book Emporium.
 18284 | Orc:2    | Bought a scroll of brand weapon for 142 gold pieces
 18284 | Orc:2    | Bought a scroll of enchant weapon for 112 gold pieces
 18452 | Orc:1    | HP: 2/132 [orc knight/+0 great sword (20)]
 18916 | D:5      | Killed Zippel's ghost
 18950 | D:6      | Identified the ring of Zoduiff {Wiz Str+3 Int+3}
 18973 | D:6      | Killed bimbombam's ghost
 19152 | D:7      | Killed Anaz's ghost
 19372 | D:12     | Killed TangoThomas's ghost
 19599 | D:12     | Received a gift from Okawaru
 19858 | Lair:4   | Identified the ring of the Shining Light {rF+ Str+6}
 19897 | Lair:4   | Received a gift from Okawaru
 20020 | Lair:4   | Reached skill level 15 in Shields
 20073 | Lair:4   | Reached skill level 15 in Fighting
 20765 | Lair:5   | Entered Level 5 of the Lair of Beasts
 20780 | Lair:5   | Reached skill level 15 in Armour
 20780 | Lair:5   | Reached XP level 15. HP: 135/141 MP: 15/15
 20911 | Lair:5   | Received a gift from Okawaru
 20997 | Lair:5   | Reached skill level 1 in Evocations
 21126 | Lair:5   | Found a staircase to the Slime Pits.
 21522 | Lair:5   | Received a gift from Okawaru
 21944 | D:13     | Found a gate leading to a gauntlet.
 21992 | Gauntlet | Entered a Gauntlet
 21992 | Gauntlet | Found a transporter.
 21992 | Gauntlet | Found a transporter.
 21996 | Gauntlet | Found a transporter.
 21997 | Gauntlet | Found a transporter.
 21999 | Gauntlet | Found a transporter.
 22018 | Gauntlet | Found a transporter.
 22021 | Gauntlet | Found a transporter.
 22068 | Gauntlet | Found a transporter.
 22068 | Gauntlet | Found a transporter.
 22070 | Gauntlet | Found a transporter.
 22072 | Gauntlet | Found a runed translucent door.
 22072 | Gauntlet | Found a runed translucent door.
 22080 | Gauntlet | Found a runed translucent door.
 22083 | Gauntlet | Found a transporter.
 22100 | Gauntlet | Found a transporter.
 22102 | Gauntlet | Found a runed translucent door.
 22124 | Gauntlet | Found a transporter.
 22128 | Gauntlet | Found a transporter.
 22342 | Gauntlet | Identified the +0 hat of the Vacuum {Harm rF++ Slay-6
                  | Stlth+}
 22581 | D:13     | Found an iron altar of Okawaru.
 23455 | D:14     | Found a gate to the Vaults.
 23497 | D:15     | Entered Level 15 of the Dungeon
 23582 | D:15     | Found a staircase to the Depths.
 23597 | D:15     | Found a flickering gateway to a bazaar.
 23606 | Bazaar   | Entered a bazaar
 23606 | Bazaar   | Found Ahisup's Magic Scroll Shop.
 23616 | Bazaar   | Found Lisimm's Antique Armour Emporium.
 23629 | Bazaar   | Found Siwk's Antique Weapon Boutique.
 23639 | Bazaar   | Found Tetuomm's General Store.
 23650 | Bazaar   | Bought a scroll of enchant armour for 120 gold pieces
 23656 | Bazaar   | Found Daret's Book Emporium.
 23852 | D:15     | Identified the +0 scale mail of Restroar {rElec rF+ Str-5}
                  | (Okawaru gifted it to you on level 15 of the Dungeon)
 23852 | D:15     | Received a gift from Okawaru
 24218 | D:15     | Reached XP level 16. HP: 151/151 MP: 16/16
 24313 | D:15     | Found a glowing golden altar of the Shining One.
 25169 | Snake:1  | Entered Level 1 of the Snake Pit
 25629 | Snake:1  | Noticed Kirke
 25644 | Snake:1  | Killed Kirke
 26336 | Elf:1    | Entered Level 1 of the Elven Halls
 26336 | Elf:1    | Found a runed translucent gate.
 26336 | Elf:1    | Found a runed translucent gate.
 26336 | Elf:1    | Found a runed translucent gate.
 26336 | Elf:1    | Found a runed translucent gate.
 26336 | Elf:1    | Found a runed translucent gate.
 26336 | Elf:1    | Found a runed translucent gate.
 26337 | Elf:1    | Found a runed translucent door.
 26340 | Abyss:2  | Cast into level 2 of the Abyss (a deep elf sorcerer)
 26368 | Elf:1    | Escaped the Abyss
 26394 | Elf:1    | Found a runed translucent door.
 26536 | Elf:1    | Received a gift from Okawaru
 26662 | Elf:1    | Identified the +2 robe of Perpetual Drought {rF+ rCorr}
 27647 | Elf:1    | Identified the +11 sling of Terra Cotta {speed, rCorr}
 28074 | Elf:2    | Reached XP level 17. HP: 152/162 MP: 17/17
 28131 | Elf:2    | Received a gift from Okawaru
 28248 | Elf:2    | Paralysed by an air elemental for 1 turns
 28415 | Elf:2    | Found a runed translucent gate.
 28416 | Elf:2    | Found a runed translucent gate.
 28416 | Elf:2    | Found a runed translucent gate.
 28443 | Elf:3    | Entered Level 3 of the Elven Halls
 28762 | Swamp:1  | Entered Level 1 of the Swamp
 29003 | Swamp:1  | Got Ynujur's Exposition on Invitation and Translocation
 29212 | Swamp:1  | Identified the +7 double sword of Haunted Expedience
                  | {heavy, rF+ Str+3 Stlth+} (Okawaru gifted it to you on
                  | level 1 of the Swamp)
 29212 | Swamp:1  | Received a gift from Okawaru
 30425 | Lair:4   | Reached XP level 18. HP: 172/172 MP: 19/19
 31086 | Elf:3    | Found Fako's Distillery.
 31101 | Elf:3    | Bought a potion of curing for 39 gold pieces
 31101 | Elf:3    | Bought a potion of might for 52 gold pieces
 31309 | Elf:3    | Identified the +3 plate armour of Greater Demons {MP+9}
                  | (Okawaru gifted it to you on level 3 of the Elven Halls)
 31309 | Elf:3    | Received a gift from Okawaru
 31345 | Elf:3    | Identified the +4 demon trident "Rireceic" {venom, *Noise
                  | +Blink Str+8 Dex+3}
 31355 | Elf:3    | Noticed a Hell Sentinel
 31361 | Elf:3    | Identified the +1 scale mail of Utsowk {rCorr Int+5}
 31442 | Elf:3    | Identified the +5 flail of Bumiosoe {venom, rF+ rN+}
 31463 | Elf:3    | Reached XP level 19. HP: 114/181 MP: 17/20
 31577 | Elf:3    | Identified the staff of death "Zaidulon" {rElec rN+ Str-5
                  | SInv}
 31603 | Elf:3    | Identified the +10 dagger of Floods {holy, Dex+4}
 31647 | Elf:3    | Identified the ring of the Nice God {rC+ Int+3}
 32137 | Swamp:3  | Found a transporter.
 32146 | Swamp:3  | Noticed Anaz's ghost (journeyman DgAE)
 32157 | Swamp:3  | Found a transporter.
 32399 | Swamp:3  | Noticed Mlioglotl
 32404 | Swamp:3  | Killed Mlioglotl
 33484 | Orc:2    | Killed MatrixGlitch's ghost
 33530 | Orc:2    | Identified the staff of air "Ublokaod" {rElec Int+3 SInv}
 33775 | Swamp:4  | Entered Level 4 of the Swamp
 33800 | Swamp:3  | Received a gift from Okawaru
 34056 | Swamp:4  | Paralysed by a fenstrider witch for 2 turns
 34102 | Swamp:4  | Identified the +9 flail of the Arcadian God {antimagic,
                  | Fly}
 34327 | Swamp:4  | Noticed a bone dragon
 34335 | Swamp:4  | Killed a bone dragon
 34415 | Swamp:4  | Got a decaying rune of Zot
 34725 | Snake:2  | Noticed Louise
 34745 | Snake:2  | Killed Louise
 34751 | Snake:2  | Received a gift from Okawaru
 34751 | Snake:2  | Found the +8 orange crystal plate armour {Archmagi, Int+3
                  | Clar}
 34757 | Snake:2  | Noticed Jorgrun
 34769 | Snake:2  | Killed Jorgrun
 35034 | Snake:2  | Noticed Azrael
 35047 | Snake:2  | Killed Azrael
 35486 | Snake:3  | Found the ring of the Mage {Wiz Archmagi}
 35497 | Snake:3  | Found a transporter.
 35825 | Snake:3  | Noticed Agnes
 35918 | Snake:2  | Killed Agnes
 36226 | Snake:3  | Found a transporter.
 36856 | Lair:4   | Acquired 287 gold pieces
 37008 | Snake:4  | Entered Level 4 of the Snake Pit
 37057 | Snake:4  | Reached XP level 20. HP: 73/193 MP: 21/21
 37630 | Snake:4  | Identified the +0 pair of gloves of the Shining Light
                  | {rElec Will++} (Okawaru gifted it to you on level 4 of the
                  | Snake Pit)
 37630 | Snake:4  | Received a gift from Okawaru
 37933 | Snake:4  | Got a serpentine rune of Zot
 38303 | Vaults:1 | Entered Level 1 of the Vaults
 38706 | Vaults:1 | Paralysed by a floating eye for 2 turns
 39014 | Vaults:1 | Identified the +3 scale mail "Pimoppuj" {rF+}
 39201 | Vaults:1 | Found Viafodik's Weapon Shop.
 39676 | Vaults:2 | Noticed Margery
 39691 | Vaults:1 | Killed Margery
 39691 | Vaults:1 | Identified the +5 chain mail of the Shrike {+Blink SInv}
                  | (Okawaru gifted it to you on level 1 of the Vaults)
 39691 | Vaults:1 | Received a gift from Okawaru
 40256 | Vaults:2 | Noticed a bone dragon
 40266 | Vaults:2 | Killed a bone dragon
 40271 | Vaults:2 | Found a staircase to the Crypt.
 40699 | Vaults:2 | Reached XP level 21. HP: 198/202 MP: 22/22
 40843 | Vaults:2 | Identified the +1 mace of the Charming Seer {flame, Stlth+}
 41448 | Vaults:3 | Found a magical portal.
 41470 | WizLab   | Entered Zonguldrok's Shrine
 41715 | WizLab   | Noticed an antique lich
 41719 | WizLab   | Killed an antique lich
 41726 | WizLab   | Found the +9 sword of Zonguldrok {reap}
 41958 | Vaults:3 | Received a gift from Okawaru
 42024 | Vaults:3 | Noticed Frederick
 42036 | Vaults:3 | Killed Frederick
 42190 | Vaults:3 | Noticed Mennas
 42211 | Vaults:3 | Killed Mennas
 42659 | Vaults:3 | Reached skill level 27 in Shields
 42686 | Vaults:3 | Noticed a golden dragon
 42705 | Vaults:3 | Killed a golden dragon
 43097 | Vaults:4 | Identified the ring "Jiadiemead" {Fly Str+3 Int+6 Dex-4}
 43152 | Vaults:4 | Identified the scarf of Duatuego {+Inv, rElec rC+} (Okawaru
                  | gifted it to you on level 4 of the Vaults)
 43152 | Vaults:4 | Received a gift from Okawaru
 44296 | Vaults:5 | Entered Level 5 of the Vaults
 44303 | Vaults:4 | Reached XP level 22. HP: 215/215 MP: 23/23
 46334 | Swamp:3  | Killed Anaz's ghost
 46802 | Vaults:4 | Identified the +2 pair of gloves "Setuaf" {MP-9 Int+2 Dex+5
                  | Stlth-} (Okawaru gifted it to you on level 4 of the Vaults)
 46802 | Vaults:4 | Received a gift from Okawaru
 47763 | Vaults:5 | Noticed a golden dragon
 48149 | Vaults:4 | Killed a golden dragon
 48180 | Vaults:5 | Noticed an ancient lich
 48378 | Vaults:5 | Noticed an ancient lich
 48394 | Vaults:4 | Killed an ancient lich
 48432 | Vaults:5 | Killed an ancient lich
 49814 | Vaults:5 | Identified the +4 falchion of Peareza {heavy, *Rage rCorr
                  | Str+3 Stlth+}
 49814 | Vaults:5 | Identified the +0 robe "Ocsol" {rCorr Int+4}
 49920 | Vaults:5 | Got a silver rune of Zot
 49925 | Vaults:5 | Identified the +0 scale mail "Pyafras" {rN+ Str+4 Int-3
                  | Slay+6}
 50088 | Vaults:5 | Identified the ring of the Tarantula {rPois rF- rCorr SInv
                  | Stlth+}
 50129 | Vaults:5 | Reached XP level 23. HP: 196/220 MP: 24/24
 50131 | Vaults:5 | Identified the +9 long sword "Lasmayqo" {protect, Contam
                  | rPois Dex+4} (Okawaru gifted it to you on level 5 of the
                  | Vaults)
 50131 | Vaults:5 | Received a gift from Okawaru
 50373 | Vaults:5 | Found the sphere of Battle
 50381 | Vaults:5 | Identified the +0 ring mail of Xagar {Rampage Int+5}
 50383 | Vaults:5 | Identified the +1 morningstar of the Howling Gods {spect,
                  | rPois Str+2}
 50387 | Vaults:5 | Identified the +2 robe of the Vacuum {-Tele rF++ Will+
                  | Int+4}
 50532 | Vaults:5 | Identified the +8 quarterstaff of Conformity {spect, Drain
                  | Str+3 SInv}
 51361 | Crypt:1  | Entered Level 1 of the Crypt
 51865 | Crypt:1  | Received a gift from Okawaru
 52494 | Crypt:2  | Identified the +2 pair of boots "Zism" {Harm Fly Slay+2}
                  | (Okawaru gifted it to you on level 2 of the Crypt)
 52494 | Crypt:2  | Received a gift from Okawaru
 52823 | Crypt:2  | Found an ancient bone altar of Kikubaaqudgha.
 52901 | Crypt:2  | Noticed Sojobo
 52943 | Crypt:2  | Paralysed by an air elemental for 1 turns
 52947 | Crypt:2  | Paralysed by an air elemental for 1 turns
 53091 | Crypt:2  | Paralysed by an air elemental for 1 turns
 53096 | Crypt:2  | Killed Sojobo
 53465 | Crypt:2  | Found a basalt altar of Yredelemnul.
 53549 | Crypt:3  | Entered Level 3 of the Crypt
 53701 | Crypt:3  | Noticed a curse toe
 53712 | Crypt:3  | Killed a curse toe
 53848 | Crypt:3  | Found a staircase to the Tomb.
 54062 | Crypt:3  | Noticed an ancient lich
 54215 | Crypt:3  | Noticed an ancient lich
 54215 | Crypt:3  | Noticed a dread lich
 54481 | Crypt:3  | Killed an ancient lich
 54609 | Crypt:3  | Killed an ancient lich
 54613 | Crypt:3  | Killed a dread lich
 54626 | Crypt:3  | Got Kepuv's Tome of Doomed Blight
 54923 | Depths:1 | Entered Level 1 of the Depths
 55036 | Depths:1 | Found a gateway to Hell.
 55064 | Depths:1 | Reached XP level 24. HP: 216/244 MP: 24/24
 55069 | Depths:1 | Identified the +1 hat "Pimib" {rPois Str-4 Int+9 SInv}
                  | (Okawaru gifted it to you on level 1 of the Depths)
 55069 | Depths:1 | Received a gift from Okawaru
 55812 | Depths:1 | Found a hide-covered altar of Uskayaw.
 56191 | Depths:2 | Found Gerphe Qunu's General Store.
 56227 | Depths:2 | Found a flickering gateway to a bazaar.
 56234 | Bazaar   | Entered a bazaar
 56259 | Bazaar   | Found Wodie's Magic Scroll Boutique.
 56269 | Bazaar   | Bought a scroll of enchant weapon for 52 gold pieces
 56309 | Bazaar   | Found Muuxome's Magic Scroll Shoppe.
 56357 | Bazaar   | Found Rawumnio's Assorted Antiques.
 56431 | Bazaar   | Found Ulemoc's Magic Scroll Shoppe.
 56439 | Bazaar   | Bought a scroll of enchant armour for 75 gold pieces
 56622 | Depths:2 | Found Fesyosm's Assorted Antiques.
 56627 | Depths:2 | Found Lipla's Armour Shoppe.
 56791 | Depths:2 | Identified the +0 robe of the Depths {Dex+3}
 57050 | Depths:2 | Found a one-way gate leading to the halls of Pandemonium.
 57402 | Depths:2 | Found a shimmering blue altar of Sif Muna.
 57434 | Depths:2 | Identified the staff of cold "Ezaleh" {Fragile +Blink rPois
                  | rC+}
 57454 | Depths:2 | Identified the staff of fire "Ocrisovun" {*Slow Fragile rF+
                  | MP+9 Str+6}
 57715 | Depths:3 | Found a one-way gateway to a ziggurat.
 57780 | Depths:3 | Found a broken altar of Ashenzari.
 58386 | Depths:3 | Reached skill level 27 in Long Blades
 58675 | Depths:3 | Identified the +5 falchion of Gauf {heavy, Str+5} (Okawaru
                  | gifted it to you on level 3 of the Depths)
 58675 | Depths:3 | Received a gift from Okawaru
 58937 | Depths:3 | Reached skill level 27 in Fighting
 59333 | Depths:3 | Noticed a juggernaut
 59342 | Depths:3 | Killed a juggernaut
 59457 | Depths:4 | Entered Level 4 of the Depths
 59703 | Depths:4 | Received a gift from Okawaru
 60062 | Depths:4 | Identified the +7 sling "Gexig" {heavy, Str+3}
 60086 | Depths:4 | Noticed Saint Roka
 60113 | Depths:4 | Killed Saint Roka
 60121 | Depths:4 | Reached XP level 25. HP: 172/257 MP: 24/24
 60309 | Depths:4 | Found a gate to the Realm of Zot.
 60618 | Depths:4 | Found Faimigh's General Store.
 60732 | Depths:4 | Received a gift from Okawaru
 61099 | Slime:1  | Entered Level 1 of the Pits of Slime
 61482 | Slime:4  | Gained mutation: You have hidden genetic defects. [a
                  | shining eye]
 61631 | Slime:5  | Entered Level 5 of the Pits of Slime
 61666 | Slime:5  | Noticed Dissolution
 61672 | Slime:5  | Paralysed by a floating eye for 4 turns
 61677 | Slime:5  | Paralysed by a floating eye for 2 turns
 61681 | Slime:5  | Killed Dissolution
 61767 | Slime:4  | Found a viscous altar of Jiyva.
 61782 | Slime:5  | Identified the +1 halberd of Havoc {pain, Int+3} (Okawaru
                  | gifted it to you on level 5 of the Pits of Slime)
 61782 | Slime:5  | Received a gift from Okawaru
 61924 | Slime:4  | Gained mutation: Your body sometimes deteriorates upon
                  | taking damage. [hidden defects]
 62051 | Slime:5  | Found a viscous altar of Jiyva.
 62051 | Slime:5  | Noticed the Royal Jelly
 62059 | Slime:5  | Found the +9 staff of Olgreb {rPois∞}
 62070 | Slime:5  | Killed the Royal Jelly
 62137 | Slime:5  | Identified the amulet "Cerox" {Spirit Drain Int+4 Slay+4}
 62146 | Slime:5  | Identified the staff of death "Oboijyal" {rF- rN+ Int+4
                  | Dex+8}
 62163 | Slime:5  | Got a slimy rune of Zot
 62198 | Slime:5  | Acquired 1041 gold pieces
 62221 | Slime:5  | Identified the +6 scimitar of the Establishment {antimagic,
                  | *Slow rPois Str+9 Int+3}
 62255 | Slime:5  | Identified the +0 robe of Puckish Intercession {Rampage}
 62267 | Slime:5  | Identified the staff of cold "Exkupt" {rElec rC+ Int+5
                  | Dex+2}
 62496 | Lair:4   | Lost mutation: You have hidden genetic defects. [potion of
                  | mutation]
 62496 | Lair:4   | Lost mutation: Your body sometimes deteriorates upon taking
                  | damage. [potion of mutation]
 62496 | Lair:4   | Gained mutation: You are weak. (Str -2) [potion of
                  | mutation]
 62496 | Lair:4   | Gained mutation: You are vulnerable to cold. (rC-) [potion
                  | of mutation]
 62497 | Lair:4   | Lost mutation: You are weak. (Str -2) [potion of mutation]
 62497 | Lair:4   | Lost mutation: You are vulnerable to cold. (rC-) [potion of
                  | mutation]
 62497 | Lair:4   | Gained mutation: You have large cloven feet. [potion of
                  | mutation]
 62497 | Lair:4   | Gained mutation: You are partially covered in iridescent
                  | scales. (AC +2) [potion of mutation]
 62497 | Lair:4   | Gained mutation: Your spells are a little harder to cast,
                  | but a little more powerful. [potion of mutation]
 62497 | Lair:4   | Gained mutation: Your flesh is heat resistant. (rF+)
                  | [potion of mutation]
 62527 | Lair:4   | Acquired 857 gold pieces
 62804 | Zot:1    | Entered Level 1 of the Realm of Zot
 62826 | Zot:1    | Reached skill level 27 in Armour
 62886 | Zot:1    | Reached skill level 5 in Invocations
 62907 | Zot:1    | Noticed an orb of fire
 62912 | Zot:1    | Gained mutation: You are clumsy. (Dex -2) [an orb of fire]
 62914 | Zot:1    | Gained mutation: Your magical capacity is low. (-10% MP)
                  | [an orb of fire]
 62917 | Zot:1    | Killed an orb of fire
 63188 | Zot:1    | Received a gift from Okawaru
 63227 | Zot:1    | Received a gift from Okawaru
 63895 | Hell     | Entered the Vestibule of Hell
 63895 | Hell     | Noticed Geryon
 63935 | Depths:4 | HP: 12/257 [poisoned by a putrid mouth (dark miasma)]
 65423 | Depths:2 | Bought a potion of berserk rage for 255 gold pieces
 65423 | Depths:2 | Bought a scroll of fog for 204 gold pieces
 65975 | Pan      | Entered Pandemonium
 66051 | Pan      | Noticed Syssirr the pandemonium lord
 66059 | Pan      | Killed Syssirr the pandemonium lord
 66082 | Pan      | Gained mutation: Your body sometimes deteriorates upon
                  | taking damage. [a cacodemon]
 66091 | Pan      | Reached skill level 10 in Invocations
 66099 | Pan      | HP: 11/257 [demonspawn black sun/+0 great sword (19)]
 66099 | Pan      | HP: 4/249 [sun demon[a balrug] (3)]
 66101 | Pan      | Slain by a demonspawn corrupter

Illustrated notes

Levels and vault maps discovered:
D:1:      minmay_arrival_up_and_down, layout_basic, st_stairs_6, minmay_3d_cube
D:2:      layout_basic, reono_crystal_passage
D:3:      layout_basic, marbit_many_paths, shapermc_ecumenical_altar_petra,
          serial_shops, nicolae_shop_advertising_works
          [nicolae_subvault_shop_adworks], uniq_jessica, uniq_robin
D:4:      layout_loops_ring, mainiacjoe_overflow_alcove_4,
          minmay_misc_feat_hallway
D:5:      layout_gridville, mainiacjoe_overflow_big_doors, gammafunk_ghost_hive,
          mrwooster_statue_mirror
D:6:      layout_rooms, gammafunk_ghost_gnarly_gnolls, uniq_crazy_yiuf_cottage
D:7:      minmay_general_purpose_star, layout_rooms, minmay_temple_entry_hall,
          gammafunk_ghost_wrathful_warriors
D:8:      layout_basic, grunt_qazlal_sundering
D:9:      layout_roguey, zin_purify, mainiacjoe_overflow_concentric_impassable,
          minmay_orc_keep
D:10:     layout_cave_pools, xom_shifter_show, gammafunk_temple_overflow_statue,
          enter_bailey_2, eino_jars, uniq_urug
D:11:     minmay_tri_box, layout_loops_ring, dpeg_lair_monsters,
          corexii_hall_statues_i, kennysheep_opposing_triangles
D:12:     layout_long_grid, orc_0_dummy, gammafunk_ghost_fury_of_okawaru,
          uniq_sonja, uniq_lodul
D:13:     layout_cave_pools, gauntlet_entry_generic, kennysheep_okawaru_gauntlet
D:14:     layout_rooms, ximxim_vaults_locker_room
D:15:     gammafunk_depths_entry_grave, layout_basic, serial_shops,
          bzr_entry_dummy, tso_altar, minmay_strange_pillars
Temple:   hellmonk_temple_flake
Lair:1:   layout_roguey, uniq_gastronok, uniq_joseph
Lair:2:   layout_small_grid, minmay_snake_entry_guardpost_large,
          infiniplex_staircase_pool
Lair:3:   layout_gridlike, minmay_swamp_entry_worms,
          portal_ice_cave_entry_ice_simulacra, nicolae_volcano_entry_batcave,
          grunt_megastairs_2, uniq_snorg
Lair:4:   layout_cave_shapes
Lair:5:   minmay_lair_end_frog_pond, layout_long_grid,
          nicolae_slime_entry_slimehenge
Swamp:1:  layout_basic_swamp, nicolae_swamp_decorative_isthmus, swamp_pool1
Swamp:2:  layout_basic_swamp, hangedman_swamp_diagram
Swamp:3:  layout_basic_swamp, gammafunk_ghost_arena,
          nicolae_swamp_dense_foliage, uniq_mlioglotl
Swamp:4:  swamp_pestilence, layout_basic_swamp, swamp_pool1
Snake:1:  layout_concentric_octagons, nrook_guardian_serpent_ordinary,
          nicolae_integral_box, uniq_kirke
Snake:2:  layout_misc_corridors, uniq_jorgrun, uniq_louise, uniq_azrael
Snake:3:  gammafunk_the_bubble [the_bubble_gammafunk_grid],
          layout_onion_interference, uniq_agnes
Snake:4:  grunt_snake_rune_pools, layout_gridlike, guppyfry_library_mini,
          serial_bayou_shore_a
Slime:1:  cheibrodos_slime_lost_civilization_3, layout_caves
Slime:2:  layout_caves, cheibrodos_slime_lost_civilization_5
Slime:3:  layout_caves
Slime:4:  layout_caves, basic_altar
Slime:5:  uniq_dissolution
Orc:1:    layout_caves
Orc:2:    st_orc_elflike, layout_caves, gammafunk_ghost_abyssal_escape,
          nicolae_orc_flooded_monolith
Elf:1:    nicolae_elf_arrival_dilemma, layout_onion_city, minmay_elf_demonology,
          serial_sigils_hangedman_etch
Elf:2:    nicolae_elf_blades_crystal_corner, layout_geoelf_octagon
Elf:3:    minmay_elf_hall_not_hex, layout_geoelf_octagon, serial_shops,
          nicolae_shop_industrial_runoff
Vaults:1: nicolae_vaults_network_star, nicolae_vaults_big_angled_halls,
          v_misc_17, ontoclasm_vaults_shuriken, hangedman_vaults_slice,
          grunt_vaults_hallway_short, nicolae_vaults_double_plus_2,
          nicolae_vaults_specimen_jars, nicolae_vaults_loss_of_containment,
          nicolae_vaults_little_squares_6, ontoclasm_vaults_decontamination,
          layout_vaults_omnicross, serial_shops,
          nicolae_shop_bloodbath_and_beyond
Vaults:2: v_rooms_5, nicolae_vaults_tetromino_Z_1,
          nicolae_vaults_door_testing_chamber, nicolae_vaults_tetromino_Z_1,
          ontoclasm_vaults_spin, minmay_crypt_entry_nasty_monster, v_misc_19,
          nicolae_vaults_trapezoid_4, nicolae_vaults_diamond_1, v_pattern_5,
          ontoclasm_vaults_ring_square, vaults_room_grid,
          nicolae_vaults_more_shelving_2, grunt_vaults_funnel,
          layout_vaults_quadrants, uniq_margery
Vaults:3: lightli_enter_wizlab_magi_temple, vaults_standard_mumra_x,
          vaults_mumra_lcd, nicolae_vaults_house_2,
          nicolae_vaults_closet_pinwheel_3, nicolae_vaults_inception_statues,
          nicolae_vaults_yaktaur_gun_rack, nicolae_vaults_trapezoid_lopsided_4,
          nicolae_vaults_house_3, v_misc_3, nicolae_vaults_network_barrier,
          vaults_room_hangedman_quadrants, hangedman_vaults_stagger,
          layout_vaults_maze_bifur, uniq_frederick, uniq_mennas
Vaults:4: v_rooms_3, nicolae_vaults_theta, vaults_room_door_ring,
          nicolae_vaults_whirlpool_walls, ontoclasm_vaults_ligature,
          nicolae_vaults_apartment_1, v_misc_10,
          ontoclasm_vaults_loading_screen, nicolae_vaults_layer_cake_slice,
          nicolae_vaults_house_1, nicolae_vaults_diamond_1,
          nicolae_vaults_diamond_1, nicolae_vaults_house_2,
          layout_vaults_chaotic_city
Vaults:5
Crypt:1:  layout_basic
Crypt:2:  cheibrodos_crypt_down_in_the_bonehoard, layout_rooms,
          lemuel_mausoleum_altar_yredelemnul, uniq_sojobo
Crypt:3:  david_glass_crypt, layout_rooms
Depths:1: layout_cave_shapes, grunt_hell_horde, grunt_decor_one_mirror,
          nicolae_uskayaw_dance_hall
Depths:2: minmay_crystal_thing, layout_basic, serial_glass, glass_columns_a,
          glass_columns_a, rand_demon_pan_entry_7, serial_shops,
          bzr_entry_lakeside, shop, shop,
          nicolae_shop_competitors_out_of_business, hell_entry,
          interstate_on_off, serial_bayou_shore_b,
          infiniplex_staircase_pillars_1
Depths:3: nicolae_hexawheel, layout_gridlike, enter_ziggurat_f, hell_entry,
          abyss_entry, cheibrodos_ashenzari_chains
Depths:4: grunt_zot_entry_tricorne, layout_honeycomb, serial_shops,
          nicolae_shop_peninsula, hangedman_decor_clover_reticule,
          hangedman_geh_valley, uniq_saint_roka
Hell
Zot:1:    layout_onion, hangedman_zot_gyre, grunt_ministairs_14,
          nicolae_lava_and_water, hangedman_zot_diagonal_lockstep
Pan:      evilmike_mini_pan_diamond, layout_irregular_city, pan_blood_fountain_2

Skill      XL: |  1  2  3  4  5  6  7  8  9 10 11 12 13 14 15 16 17 18 19 20 21 22 23 24 25 |
---------------+----------------------------------------------------------------------------+-----
Armour         | 4 5 6 7 8 10 11 12 13 15 16 17 18 19 20 21 24 27 | 27.0
Fighting       | 4 5 6 8 9 11 12 14 15 16 17 18 19 20 22 24 25 27 | 27.0
Shields        | 4 5 6 7 9 10 12 15 18 20 21 24 25 27 | 27.0
Long Blades    | 3 4 5 6 7 9 11 13 14 16 17 18 19 20 21 22 23 24 26 27 | 27.0
Dodging        | 1 2 3 4 5 6 7 |  7.9
Stealth        | 1 2 |  2.6
Invocations    | 1 2 3 10 | 10.0
Evocations     | 1 2 |  2.7

Action                     |  1- 3 |  4- 6 |  7- 9 | 10-12 | 13-15 | 16-18 | 19-21 | 22-24 | 25-27 || total
---------------------------+-------+-------+-------+-------+-------+-------+-------+-------+-------++-------
  Melee: Long sword        |   108 |   102 |   355 |   232 |       |     8 |       |       |       ||   805
         Headbutt          |     8 |    19 |    87 |   129 |   241 |   177 |   443 |   505 |   190 ||  1799
         Double sword      |       |       |       |   317 |  1029 |   749 |  1628 |  1520 |   605 ||  5848
         Eudemon blade     |       |       |       |       |       |       |       |    61 |       ||    61
 Invoke: Heroism           |       |       |       |     8 |    13 |     2 |     3 |     7 |     5 ||    38
  Evoke: Wand              |       |       |       |       |     8 |     3 |     3 |     4 |       ||    18
    Use: Potion            |     4 |       |     3 |     3 |     5 |     1 |       |     4 |     7 ||    27
         Scroll            |     3 |     1 |     4 |     6 |    18 |     1 |     8 |     6 |     3 ||    50
 Armour: Scale mail        |    60 |    35 |    40 |       |       |       |       |       |       ||   135
         Chain mail        |       |       |   154 |    62 |       |       |       |       |       ||   216
         Plate armour      |       |       |     4 |   211 |   585 |   352 |   175 |   235 |       ||  1562
         Crystal plate arm |       |       |       |       |       |       |   681 |   435 |   459 ||  1575
  Dodge: Dodged            |    50 |    50 |   162 |   182 |   619 |   336 |   760 |   654 |   480 ||  3293
  Block: Buckler           |    22 |    21 |   102 |    81 |       |       |       |       |       ||   226
         Kite shield       |       |       |       |   175 |   108 |       |       |       |       ||   283
         Tower shield      |       |       |       |       |  1498 |  1026 |  2566 |  2496 |  1151 ||  8737
